 Dungeon Crawl Stone Soup version 0.31.0-32-g396128a36d (webtiles) character file.

Game seed: 175670018092948736

24 RatsInWalls the Shield-Bearer (level 3, 28/29 HPs)
             Began as a Formicid Fighter on Mar 10, 2024.
             Quit the game on level 1 of the Dungeon.
             The game lasted 00:01:27 (357 turns).

RatsInWalls the Shield-Bearer (Formicid Fighter)     Turns: 357, Time: 00:01:28

Health: 28/29      AC:  6    Str: 22    XL:     3   Next: 15%
Magic:  3/3        EV:  9    Int:  7    God:
Gold:   24         SH:  5    Dex: 13    Spells: 2/2 levels left

rFire   . . .        a - +0 flail
rCold   . . .        c - +0 buckler
rNeg    . . .        b - +0 scale mail
rPois   .            (helmet unavailable)
rElec   .            (no cloak)
rCorr   .            (no gloves)
SInv    +            (no boots)
Will    .....        (no amulet) Stlth
                     (no ring)
HPRegen 0.24/turn    (no ring)
MPRegen 0.08/turn

%: no passive effects
@: no status effects
A: permanent stasis, dig shafts and tunnels, antennae 3, four strong arms
a: Dig, Shaft Self


You were on level 1 of the Dungeon.
You visited 1 branch of the dungeon, and saw 1 of its levels.

You collected 24 gold pieces.

Inventory:

Hand Weapons
 a - a +0 flail (weapon)
Armour
 b - a +0 scale mail (worn)
 c - a +0 buckler (worn)
Jewellery
 e - an amulet of guardian spirit
 i - a ring of flight
Scrolls
 h - a scroll of identify {unknown}
Potions
 d - a potion of might
 f - 2 potions of heal wounds {unknown}
 g - a potion of lignification {unknown}
 j - a potion of haste {unknown}


   Skills:
 + Level 3.6 Fighting
 + Level 2.3 Maces & Flails
 + Level 3.6 Armour
 + Level 4.4 Shields


You had 2 spell levels left.
You didn't know any spells.
Your spell library was empty.

Dungeon Overview and Level Annotations

Branches:
Dungeon (1/15)

Altars:

Shops:
D:1 (


Innate Abilities, Weirdness & Mutations

You cannot be hasted, slowed, berserked, paralysed or teleported.
You can dig through walls and to a lower floor.
You have a pair of large antennae on your head. (SInv)
Your four strong arms can wield two-handed weapons with a shield.


Message History

Found 8 stones.
A goblin comes into view. It is wielding a +0 dagger.
The goblin shouts!
You see here a viscous orange potion.
j - a viscous orange potion You hit the goblin.
You kill the goblin!
You see here a +0 dagger.
Found 5 atropa-tipped darts.
You sense a monster nearby.
A rat comes into view.
The rat squeaks loudly.
The rat bites you but does no damage.
You hit the rat.
You kill the rat!
You see here a rat corpse.
f - 2 sedimented yellow potions (gained 1)
A goblin comes into view. It is wielding a +0 club.
The goblin shouts!
You hear a shout!
A goblin is nearby!
Found a scroll labelled PUTUCL OTOTRA.
A goblin comes into view. It is wielding a +0 club.
You barely miss the goblin. The goblin closely misses you.
You barely miss the goblin. The goblin hits you but does no damage.
You completely miss the goblin. The goblin barely misses you.
The goblin hits you but does no damage.
You barely miss the goblin. The goblin hits you but does no damage.
You barely miss the goblin. The goblin hits you with a +0 club.
You barely miss the goblin. You block the goblin's attack. x2
You thump the goblin!
You kill the goblin!
You barely miss the goblin. The goblin hits you but does no damage.
You closely miss the goblin. The goblin hits you with a +0 club.
You block the goblin's attack.
You closely miss the goblin. The goblin hits you but does no damage.
You hit the goblin.
You kill the goblin!
Things that are here:
a +0 club; a +0 club; a goblin corpse Are you sure you want to abandon this character and quit the game? (Confirm with "yes".)

#?.###..#
#..#....#
#..#.#..##
#.........
#.$...!.#
......#
#.#...#
#.....# {
# #@##..#
#.##.##..#
#........#
####.#####
## #.# #.
#.#
.######.
#.#
(.......
#.#####
######.
#.#...##
##### #.


There were no monsters in sight!

Vanquished Creatures
  A dart slug (D:1)
  A bat (D:1)
  3 endoplasms (D:1)
  A giant cockroach (D:1)
  4 goblins (D:1)
  5 jackals (D:1)
  A ball python (D:1)
  A frilled lizard (D:1)
  A kobold (D:1)
  A rat (D:1)
19 creatures vanquished.

Notes
Turn   | Place    | Note
-------+----------+-------------------------------------------
     0 | D:1      | RatsInWalls the Formicid Fighter began the quest for the
                  | Orb.
     0 | D:1      | Reached XP level 1. HP: 18/18 MP: 1/1
    55 | D:1      | Reached XP level 2. HP: 24/24 MP: 2/2
   139 | D:1      | Found Horraaku's Weapon Shop.
   241 | D:1      | Reached XP level 3. HP: 27/29 MP: 3/3
   357 | D:1      | Quit the game

Illustrated notes

Levels and vault maps discovered:
D:1:      amcnicky_arrival_flooded_fountain, layout_loops_cross, serial_shops,
          nicolae_shop_bloodbath_and_beyond, due_unseen_surprise

Action                     || total
---------------------------++-------
  Melee: Flail             ||    55
Ability: Dig               ||     1
 Armour: Scale mail        ||    40
  Dodge: Dodged            ||    23
  Block: Buckler           ||    13
